 Dungeon Sprint DCSS version 0.16-a0-3926-g4728e1c (webtiles) character file.

3424 BluebellGnoll the Warrior (level 12, 68/132 HPs)
             Began as a Minotaur Berserker on Feb 5, 2015.
             Was an Elder of Trog.
             Quit the game in the Dungeon (Sprint VI: "Thunderdome").
             The game lasted 00:23:25 (1756 turns).

BluebellGnoll the Warrior (Minotaur Berserker)      Turns: 1756, Time: 00:23:25

Health: 68/132     AC: 14    Str: 26    XL:     12   Next: 73%
Magic:  38/38      EV:  8    Int: 13    God:    Trog [****..]
Gold:   204        SH: 26    Dex: 24    Spells: 0 memorised, 11 levels left

rFire  + . .     SeeInvis +     a - +0 hand axe
rCold  + + +     Clarity  .     r - +0 plate armour
rNeg   + . .     SustAb   .     c - +5 large shield "Lontoeno" {rElec rF- rN+ Dex+4}
rPois  +         Gourm    .     (helmet restricted)
rElec  +         Spirit   .     x - +0 cloak of the Slorg {rC++ MR- MP+9 Dex+2 SInv}
rCorr  .         Warding  .     (no gloves)
rMut   .         NoTele   +     w - +1 pair of boots "Haijus" {Contam +Fly rF+ MP+9 Slay+2}
MR     .....     NoCast   +     (no amulet)
Stlth  ..........               t - ring of Nobility {-Cast rF+ rC+ Int+6 Dex+5 Stlth-}
                                p - ring of Tweve {Wiz rPois+ Str+2 Int+3}

@: not resistant to hostile enchantments, extremely unstealthy
A: retaliatory headbutt, horns 2, deformed body
a: Burn Spellbooks, Berserk, Trog's Hand, Brothers in Arms, Renounce Religion,
Evoke Flight
}: 2/15 runes: decaying, gossamer


You were in the Dungeon.
You worshipped Trog.
Trog was greatly pleased with you.
You were not hungry.

You visited 1 branch You collected 2450 gold pieces.
You spent 2246 gold pieces at shops.

Inventory:

Hand weapons
 a - a +0 hand axe (weapon)
Armour
 b - the +1 pair of gloves of Happiness {rPois- rN+ Str+5 SInv Stlth-}
   (You bought it in a shop in the Dungeon)

   It affects your strength (+5).
   It makes you vulnerable to poison.
   It protects you from negative energy.
   It enhances your eyesight.
   It makes you less stealthy.
 c - the +5 large shield "Lontoeno" (worn) {rElec rF- rN+ Dex+4}
   (You bought it in a shop in the Dungeon)

   It affects your dexterity (+4).
   It makes you vulnerable to fire.
   It insulates you from electricity.
   It protects you from negative energy.
 r - a +0 plate armour (worn)
 w - the +1 pair of boots "Haijus" (worn) {Contam +Fly rF+ MP+9 Slay+2}
   (You bought it in a shop in the Dungeon)

   It affects your accuracy and damage with ranged weapons and melee attacks
   (+2).
   It protects you from fire.
   It affects your magic capacity (+9).
   It lets you fly.
   It causes magical contamination when unequipped.
 x - the +0 cloak of the Slorg (worn) {rC++ MR- MP+9 Dex+2 SInv}
   (You bought it in a shop in the Dungeon)

   It affects your dexterity (+2).
   It greatly protects you from cold.
   It affects your resistance to hostile enchantments.
   It affects your magic capacity (+9).
   It enhances your eyesight.
Rods
 o - a +4 rod of clouds (11/11)
   (You found it in the Dungeon)
Jewellery
 n - the amulet "Psihopp" {Stasis rF+ Str+5}
   (You bought it in a shop in the Dungeon)

   [amulet of stasis]

   It prevents you from being teleported, slowed, hasted or paralysed.
   It affects your strength (+5).
   It protects you from fire.
 p - the ring of Tweve (left hand) {Wiz rPois+ Str+2 Int+3}
   (You bought it in a shop in the Dungeon)

   [ring of wizardry]

   It improves your spell success rate.
   It affects your strength (+2).
   It affects your intelligence (+3).
   It protects you from poison.
 q - the ring of Anekeibo {+Fly Str-4 Int+2 Dex+3 SInv}
   (You bought it in a shop in the Dungeon)

   [ring of flight]

   It affects your strength (-4).
   It affects your intelligence (+2).
   It affects your dexterity (+3).
   It enhances your eyesight.
   It lets you fly.
 s - the ring of Absolutism {Ice Contam rElec rN+ MP+9 Int-4}
   (You bought it in a shop in the Dungeon)

   [ring of ice]

   It enhances your ice magic, and weakens your fire magic.
   It affects your intelligence (-4).
   It makes you vulnerable to fire.
   It protects you from cold.
   It insulates you from electricity.
   It protects you from negative energy.
   It affects your magic capacity (+9).
   It causes magical contamination when unequipped.
 t - the ring of Nobility (right hand) {-Cast rF+ rC+ Int+6 Dex+5 Stlth-}
   (You bought it in a shop in the Dungeon)

   [ring of intelligence]

   It affects your intelligence (+6).
   It affects your dexterity (+5).
   It protects you from fire.
   It protects you from cold.
   It prevents spellcasting.
   It makes you less stealthy.
Magical devices
 j - a wand of cold (0)
 k - a wand of fire (0)
Scrolls
 i - 4 scrolls of blinking
 l - 3 scrolls of fog
 y - 8 scrolls of enchant weapon
Potions
 d - a potion of curing
 e - 4 potions of heal wounds
 f - 3 potions of haste
 g - 2 potions of magic
 h - a potion of berserk rage
 m - a potion of resistance
Comestibles
 u - 5 poisonous chunks of flesh
 v - 5 royal jellies


   Skills:
 - Level 19.6 Fighting
 - Level 19.3 Axes
 - Level 4.2 Throwing
 - Level 11.3 Armour
 - Level 2.7 Dodging
 + Level 13.9 Shields
 - Level 8.4 Evocations


You had 11 spell levels left.
You didn't know any spells.

Dungeon Overview and Level Annotations

Branches:
Dungeon (1/1)

Altars:
Cheibriados
Dithmenos
Elyvilon
Fedhas
Gozag
Kikubaaqudgha
Makhleb
Nemelex Xobeh
Okawaru
Qazlal
Ru
Sif Muna
Trog
Vehumet
Xom
Yredelemnul
Zin
The Shining One
Jiyva
Lugonu

Shops:
D *[%??*?*:[((!!!!


Innate Abilities, Weirdness & Mutations

You reflexively headbutt those who attack you in melee.
You have a pair of horns on your head.
Armour fits poorly on your strangely shaped body.


Message History

You kill the wolf spider!
Trog accepts your kill. 1...
Unknown command.
No target in view!
No target in view!
Time's up!
The arena falls silent.
A rune of Zot has appeared.
You lost your score multiplier.
You now have 3424 arena points (gained 80).
You now have 204 gold pieces (gained 100).
You pick up the gossamer rune and feel its power.
You now have 2 runes.
Press } to see all the runes you have collected.
There is a staircase leading out of the dungeon here.
u - 5 poisonous chunks of flesh (gained 4) Unknown command.
There is a staircase leading out of the dungeon here.
Are you sure you want to abandon this character and quit the game? (Confirm with "yes".)

#_......._# ###......)..###
#⌠...........⌠#
######.8.........8.######
##∩___[.....###......___∩##
###∩........8.# #.8........∩###
##..........[..###.....[.......##
#⌠..[.......###...###..........⌠#
#⌠..........# #.@.# #..........⌠#
#⌠..........###...###..........⌠#
##.............###.............##
###∩........8.# #[8........∩###
##∩_...)....###.......__∩##
######[8.........8.######
#⌠...........⌠# ###.........###
#_......._#


There were no monsters in sight!

Vanquished Creatures
  2 eidola (D)
  2 deep trolls (D)
  A flayed ghost (D)
  A phantasmal warrior (D)
  2 wolf spiders (D)
  A shining eye (D)
  A demonic crawler (D)
  3 silent spectres (D)
  A queen bee (D)
  5 trolls (D)
  2 trapdoor spiders (D)
  4 wraiths (D)
  A tarantella (D)
  A shadow (D)
  8 hungry ghosts (D)
  A water moccasin (D)
  3 phantoms (D)
  A spider (D)
  An orc warrior (D)
  Blork the orc (D)
  A wight (D)
  5 killer bees (D)
  3 jellies (D)
  An orc priest (D)
  2 orc wizards (D)
  4 adders (D)
  A giant eyeball (D)
  An adder skeleton (D)
  An ooze (D)
  An orc (D)
62 creatures vanquished.

Vanquished Creatures (collateral kills)
  the Lernaean hydra (D)
  An eidolon (D)
  A phantasmal warrior (D)
3 creatures vanquished.

Grand Total: 65 creatures vanquished

Notes
Turn   | Place    | Note
--------------------------------------------------------------
     0 | D        | BluebellGnoll, the Minotaur Berserker, began the quest for the Orb.
     0 | D        | Reached XP level 1. HP: 19/19 MP: 1/1
     1 | D        | Found a viscous altar of Jiyva.
     2 | D        | Found a white marble altar of Elyvilon.
     3 | D        | Found a radiant altar of Vehumet.
     3 | D        | Found a snail-covered altar of Cheibriados.
     4 | D        | Found Mupp's Advanced Armour.
     4 | D        | Found Crulust's Identification Station.
     4 | D        | Found a sacrificial altar of Ru.
     4 | D        | Found a stormy altar of Qazlal.
     5 | D        | Found Smaczadi's Jewellery.
     5 | D        | Found a bloodstained altar of Trog.
     5 | D        | Found Smet Tag's Bee Food.
     5 | D        | Round 1.
     7 | D        | Found a deep blue altar of Sif Muna.
    13 | D        | Bought an ancient brass amulet for 45 gold pieces
    13 | D        | Bought a crude golden amulet for 45 gold pieces
    13 | D        | Bought a fine jade ring for 45 gold pieces
    13 | D        | Bought a brightly glowing lead ring for 45 gold pieces
    13 | D        | Identified the amulet "Psihopp" {Stasis rF+ Str+5} (You bought it in a shop in the Dungeon)
    14 | D        | Identified the ring of Tweve {Wiz rPois+ Str+2 Int+3} (You bought it in a shop in the Dungeon)
    15 | D        | Identified the ring of Anekeibo {+Fly Str-4 Int+2 Dex+3 SInv} (You bought it in a shop in the Dungeon)
    17 | D        | Identified the amulet "Kuarph" {Inacc rElec MR- Int+5} (You bought it in a shop in the Dungeon)
    26 | D        | Found a corrupted altar of Lugonu.
    26 | D        | Found a glowing silver altar of Zin.
    27 | D        | Found Orripsei's Magic Scroll Shop.
    28 | D        | Found Anog's Magic Scroll Shop.
    29 | D        | Found a sparkling altar of Nemelex Xobeh.
    29 | D        | Found an iron altar of Okawaru.
    30 | D        | Found a burning altar of Makhleb.
    30 | D        | Found Jupir's Staff Store.
    30 | D        | Found Samei's Must-Have Magic.
    39 | D        | Reached skill level 5 in Fighting
    39 | D        | Reached XP level 2. HP: 23/29 MP: 1/1
    39 | D        | Reached skill level 5 in Axes
    43 | D        | Acquired Trog's second power
    43 | D        | Reached skill level 6 in Fighting
    43 | D        | Reached XP level 3. HP: 28/38 MP: 2/2
    45 | D        | Found Zuehoeh's Premium Goods.
    46 | D        | Found a shadowy altar of Dithmenos.
    46 | D        | Found Yruvige's Miscellaneous Merchandise.
    47 | D        | Found a basalt altar of Yredelemnul.
    48 | D        | Found Skegut's Weapon Rack.
    48 | D        | Found Stras' Basic Armour.
    54 | D        | Reached skill level 7 in Fighting
    59 | D        | Found an ancient bone altar of Kikubaaqudgha.
    60 | D        | Found a shimmering altar of Xom.
    60 | D        | Found Gaupep's Do-It-Yourself Clinic.
    61 | D        | Found Aqa Maro's Bottled Wisdom.
    62 | D        | Found a glowing golden altar of the Shining One.
    62 | D        | Found a blossoming altar of Fedhas.
    62 | D        | Found an opulent altar of Gozag.
    63 | D        | Found Kefal's Distillery.
    63 | D        | Found Triab's Distillery.
    64 | D        | Noticed a water moccasin
    67 | D        | Killed a water moccasin
    67 | D        | Arena points: 12 (+12) [x2]
    67 | D        | Reached skill level 11 in Fighting
    67 | D        | Reached XP level 4. HP: 26/56 MP: 2/2
    67 | D        | Reached XP level 5. HP: 28/62 MP: 2/2
   125 | D        | Round 2.
   125 | D        | Noticed Blork the orc
   130 | D        | Killed Blork the orc
   130 | D        | Reached skill level 13 in Fighting
   171 | D        | Acquired Trog's third power
   171 | D        | Reached XP level 6. HP: 54/73 MP: 3/3
   176 | D        | Noticed an orc warrior
   189 | D        | Killed an orc warrior
   189 | D        | Reached skill level 15 in Fighting
   224 | D        | Arena points: 54 (+42) [x3]
   235 | D        | Bought a flickering turquoise ring for 45 gold pieces
   235 | D        | Bought a translucent bone ring for 45 gold pieces
   236 | D        | Identified the ring of Absolutism {Ice Contam rElec rN+ MP+9 Int-4} (You bought it in a shop in the Dungeon)
   238 | D        | Identified the ring of Nobility {-Cast rF+ rC+ Int+6 Dex+5 Stlth-} (You bought it in a shop in the Dungeon)
   240 | D        | Gained mutation: Armour fits poorly on your strangely shaped body. [mutagenic glow]
   272 | D        | Round 3.
   322 | D        | Reached skill level 5 in Armour
   365 | D        | Noticed a queen bee
   375 | D        | Killed a queen bee
   375 | D        | Reached skill level 10 in Armour
   375 | D        | Reached XP level 7. HP: 16/83 MP: 3/3
   410 | D        | Received a gift from Trog
   410 | D        | Arena points: 138 (+84) [x4]
   478 | D        | Round 4.
   494 | D        | Noticed a shining eye
   502 | D        | Killed a shining eye
   502 | D        | Reached XP level 8. HP: 91/91 MP: 3/3
   544 | D        | Reached skill level 10 in Axes
   587 | D        | Received a gift from Trog
   587 | D        | Arena points: 278 (+140) [x5]
   640 | D        | Round 5.
   642 | D        | Noticed the 27-headed Lernaean hydra
   655 | D        | Killed the 27-headed Lernaean hydra
   655 | D        | Arena points: 523 (+245) [x7]
   655 | D        | Reached skill level 19 in Axes
   655 | D        | Reached XP level 9. HP: 10/97 MP: 4/4
   655 | D        | Reached XP level 10. HP: 10/105 MP: 4/4
   656 | D        | Got a decaying rune of Zot
   679 | D        | Bought a pitted large shield for 332 gold pieces
   684 | D        | Identified the +5 large shield "Lontoeno" {rElec rF- rN+ Dex+4} (You bought it in a shop in the Dungeon)
   764 | D        | Bought 3 royal jellies for 24 gold pieces
   764 | D        | Bought 3 royal jellies for 24 gold pieces
   764 | D        | Identified a +4 rod of clouds (11/11) (You found it in the Dungeon)
   862 | D        | Round 6.
   891 | D        | Reached skill level 5 in Shields
   918 | D        | Noticed a deep troll
   930 | D        | Noticed a deep troll
   933 | D        | Killed a deep troll
   942 | D        | Killed a deep troll
   942 | D        | Reached skill level 10 in Shields
   988 | D        | Arena points: 907 (+384) [x8]
  1015 | D        | Bought a jewelled cloak for 332 gold pieces
  1020 | D        | Identified the +0 cloak of the Slorg {rC++ MR- MP+9 Dex+2 SInv} (You bought it in a shop in the Dungeon)
  1055 | D        | Round 7.
  1120 | D        | Arena points: 1474 (+567) [x9]
  1144 | D        | Bought a pair of faintly glowing gloves for 332 gold pieces
  1149 | D        | Identified the +1 pair of gloves of Happiness {rPois- rN+ Str+5 SInv Stlth-} (You bought it in a shop in the Dungeon)
  1155 | D        | Round 8.
  1284 | D        | Noticed a flayed ghost
  1289 | D        | Reached XP level 11. HP: 114/117 MP: 8/8
  1301 | D        | Killed a flayed ghost
  1308 | D        | Reached skill level 5 in Evocations
  1318 | D        | Arena points: 2354 (+880) [x10]
  1336 | D        | Bought a pair of ichor-stained boots for 332 gold pieces
  1341 | D        | Identified the +1 pair of boots "Haijus" {Contam +Fly rF+ MP+9 Slay+2} (You bought it in a shop in the Dungeon)
  1366 | D        | Round 9.
  1366 | D        | Noticed an eidolon
  1379 | D        | Killed an eidolon
  1418 | D        | Noticed an eidolon
  1432 | D        | Killed an eidolon
  1471 | D        | Noticed an eidolon
  1499 | D        | Killed an eidolon
  1499 | D        | Arena points: 3344 (+990) [x11]
  1504 | D        | Bought 8 scrolls of enchant weapon for 600 gold pieces
  1542 | D        | Round 10.
  1551 | D        | Reached XP level 12. HP: 85/132 MP: 20/20
  1751 | D        | Arena points: 3424 (+80) [x1]
  1752 | D        | Got a gossamer rune of Zot
  1756 | D        | Quit the game

Action                   |  1- 3 |  4- 6 |  7- 9 | 10-12 || total
-------------------------+-------+-------+-------+-------++-------
Melee: Hand axe          |     6 |    39 |    21 |   277 ||   343
Invok: Trog's Hand       |       |     4 |     2 |    11 ||    17
       Brothers in Arms  |       |       |     1 |     3 ||     4
       Berserk           |       |       |     1 |       ||     1
Evoke: Wand              |     2 |     4 |     4 |       ||    10
  Use: Potion            |       |       |     1 |     1 ||     2
  Eat: Chunk             |       |       |       |     2 ||     2
       Bread ration      |       |       |       |     1 ||     1
       Royal jelly       |       |       |       |     1 ||     1
